AoeStats
← CLEMENTE

Arena

509761510Analyzed
3v3 RM · 3d ago on Sep 27, 2026· 55m 11s· 6 players
Game mode
Random Map
Map size
Normal (6 player)
Population
200
Speed
Normal
Resources
Standard
Victory
Conquest
Starting age
Dark Age
Ending age
Imperial Age
RankedLock teamsTeams togetherTeam positionsShared explorationLock speedFull tech treeHidden civsTurbo modeCheats
Victory
Defeat
🇦🇷 Byzantines · Argentina
725
+13
🇮🇹 Vietnamese · Italy
619
+18
🇨🇴 Bulgarians · Colombia
486
+23
🇨🇱 Persians · Chile
717
-21
🇦🇷 Burgundians · Argentina
631
-17
🇨🇱 Turks · Chile
616
-16
Vollenbad
0:30 Loom
13:23 Feudal Age
17:40 Wheelbarrow
20:08 Castle Age
18:25 Double-Bit Axe
18:56 Horse Collar
20:22 Bow Saw
22:06 Stone Mining
23:36 Two-Man Saw
24:31 Hand Cart
32:36 Imperial Age
32:27 Masonry
32:58 Gold Mining
34:17 Gold Shaft Mining
34:06 Conscription
35:19 Chemistry
37:32 Burgundian Vineyards
36:56 Cavalier
37:39 Husbandry
37:46 Scale Barding Armor
37:52 Forging
39:25 Paladin
41:50 Town Watch
42:31 Elite Coustillier
44:16 Iron Casting
44:02 Chain Barding Armor
43:06 Light Cavalry
47:21 Blast Furnace
46:57 Plate Barding Armor
SEXO FUERTE
1:15 Loom
10:57 Feudal Age
12:23 Wheelbarrow
11:56 Double-Bit Axe
15:01 Horse Collar
20:40 Castle Age
22:40 Bow Saw
23:00 Gold Mining
23:00 Stone Mining
23:06 Stone Mining
24:52 Gold Shaft Mining
24:24 Heavy Plow
25:43 Hand Cart
28:15 Pikeman
28:56 Squires
28:42 Gambesons
29:34 Kamandaran
33:55 Imperial Age
33:24 Bloodlines
33:15 Husbandry
34:01 Forging
33:57 Scale Barding Armor
33:42 Fletching
33:56 Padded Archer Armor
35:56 Two-Man Saw
35:40 Crop Rotation
35:32 Cavalier
36:39 Conscription
37:01 Chain Barding Armor
37:21 Halberdier
40:32 Ballistics
41:13 Chemistry
40:54 Plate Barding Armor
40:55 Iron Casting
40:36 Leather Archer Armor
44:35 Thumb Ring
46:49 Savar
53:08 Blast Furnace
CLEMENTE
3:44 Loom
12:21 Feudal Age
13:26 Double-Bit Axe
13:57 Horse Collar
18:33 Wheelbarrow
23:13 Castle Age
21:16 Stone Mining
21:17 Gold Mining
24:30 Gold Shaft Mining
25:09 Hand Cart
24:40 Town Watch
25:15 Bow Saw
25:08 Heavy Plow
30:23 Imperial Age
29:15 Fletching
31:46 Town Patrol
36:17 Ballistics
36:40 Conscription
40:42 Husbandry
43:37 Elite Janissary
ildemo
0:28 Loom
13:33 Feudal Age
13:58 Horse Collar
14:57 Wheelbarrow
14:09 Double-Bit Axe
16:55 Gold Mining
16:56 Stone Mining
23:00 Castle Age
20:46 Town Watch
24:41 Hand Cart
29:13 Caravan
33:09 Chatras
33:16 Murder Holes
34:17 Stone Shaft Mining
36:20 Imperial Age
36:08 Bloodlines
35:59 Husbandry
37:34 Paper Money
36:54 Elite Fire Lancer
39:00 Chemistry
38:20 Ballistics
39:48 Light Cavalry
41:04 Guilds
45:52 Fletching
46:03 Padded Archer Armor
46:14 Forging
46:05 Scale Mail Armor
46:11 Scale Barding Armor
46:18 Town Patrol
49:26 Elite Rattan Archer
50:41 Hoardings
51:20 Squires
51:06 Arson
53:22 Leather Archer Armor
53:03 Bodkin Arrow
53:43 Iron Casting
53:24 Chain Mail Armor
53:29 Chain Barding Armor
53:33 Ballistics
53:28 Masonry
JuaniiHalls
0:33 Loom
11:48 Feudal Age
12:17 Double-Bit Axe
12:26 Gold Mining
17:29 Wheelbarrow
18:25 Horse Collar
21:32 Castle Age
21:51 Scale Barding Armor
21:49 Scale Mail Armor
23:03 Gold Shaft Mining
22:57 Heavy Plow
23:10 Bow Saw
26:10 Stone Mining
27:31 Hand Cart
28:26 Stone Shaft Mining
32:28 Imperial Age
30:28 Greek Fire
31:09 Treadmill Crane
31:24 Murder Holes
32:20 Chain Barding Armor
32:03 Caravan
32:08 Arson
32:24 Squires
33:46 Conscription
34:44 Two-Man Saw
37:13 Chemistry
36:33 Ballistics
35:49 Pikeman
37:47 Heavy Camel Rider
38:28 Husbandry
40:11 Elite Cataphract
41:03 Logistica
42:03 Hoardings
47:47 Onager
47:56 Capped Ram
Sr Pingu
13:51 Feudal Age
18:15 Castle Age
18:45 Loom
23:52 Wheelbarrow
23:15 Stone Mining
23:20 Horse Collar
27:12 Gold Mining
28:14 Double-Bit Axe
28:53 Hand Cart
28:25 Town Watch
29:06 Bow Saw
29:43 Town Patrol
31:55 Stone Shaft Mining
31:44 Scale Barding Armor
31:40 Padded Archer Armor
31:31 Fletching
31:56 Forging
31:47 Scale Mail Armor
32:54 Gold Shaft Mining
33:21 Heavy Plow
38:03 Caravan
38:34 Coinage
41:30 Imperial Age
41:42 Imperial Age
42:41 Elite Konnik
44:20 Iron Casting
43:41 Bodkin Arrow
44:08 Chain Barding Armor
45:19 Crop Rotation
45:31 Plate Barding Armor
45:13 Leather Archer Armor
44:53 Bodkin Arrow
45:14 Chain Mail Armor
45:34 Iron Casting
47:56 Conscription
49:25 Banking
52:17 Ballistics
51:53 Murder Holes
52:22 Ballistics
52:27 Heavy Cavalry Archer
53:34 Parthian Tactics
Connection lost

Rejoining the realm…

Still unreachable

The connection could not be restored.

Session expired

The server has moved on; the page needs a fresh start.